 Dungeon Crawl Stone Soup version 0.22-a0-443-g17c3723 (webtiles) character file.

7023 4thArraOfDagon the Cleaver (level 10, 0/88 HPs)
             Began as a Deep Dwarf Berserker on June 1, 2018.
             Was a Priest of Trog.
             Killed from afar by a steam dragon (22 damage)
             ... with a ball of steam
             ... on level 3 of the Lair of Beasts.
             The game lasted 00:12:11 (2439 turns).

4thArraOfDagon the Cleaver (Deep Dwarf Berserker)   Turns: 2439, Time: 00:12:12

Health: 0/88       AC: 12    Str: 25    XL:     10   Next: 82%
Magic:  8/8        EV:  9    Int: 12    God:    Trog [***...]
Gold:   151        SH:  0    Dex: 12    Spells: 9/9 levels left

rFire    . . .     SeeInvis .   y - +5 war axe
rCold    . . .     Gourm    .   (no shield)
rNeg     . . .     Faith    .   e - +0 plate armour (curse)
rPois    .         Spirit   .   (no helmet)
rElec    .         Reflect  .   (no cloak)
rCorr    .         Harm     .   (no gloves)
MR       +....                  (no boots)
Stlth    ..........             (no amulet)
HPRegen  0.00/turn              k - +5 ring of intelligence
MPRegen  0.11/turn              l - ring of stealth

@: berserk cooldown, non-regenerating, slowed, very slow
A: damage resistance, heal wounds, frail 1, sense surroundings 2, no
regeneration
a: Heal Wounds, Berserk, Trog's Hand, Renounce Religion


You were on level 3 of the Lair of Beasts.
You worshipped Trog.
Trog was most pleased with you.
You were very hungry.

You visited 2 branches of the dungeon, and saw 12 of its levels.
You also visited: Labyrinth.

You collected 325 gold pieces.
You spent 174 gold pieces at shops.

Inventory:

Hand Weapons
 a - a +0 hand axe
 n - a +1 short sword of holy wrath
 w - a +4 war axe
 y - a +5 war axe (weapon)
Armour
 b - a +0 animal skin
 e - a cursed +0 plate armour (worn)
 i - +0 steam dragon scales
 m - a +0 ring mail
 q - a +1 chain mail
 r - a cursed +0 ring mail
 s - a +0 scale mail
Jewellery
 f - an uncursed ring of wizardry
 k - a +5 ring of intelligence (left hand)
 l - a ring of stealth (right hand)
Wands
 g - a wand of scattershot (2)
 p - a wand of polymorph (19)
Scrolls
 h - 2 scrolls of teleportation
 j - 4 scrolls of blinking
 o - 2 scrolls of remove curse
 t - a scroll of identify
 u - 2 scrolls of magic mapping
 z - a scroll of summoning {unknown}
 E - a scroll of silence {unknown}
Potions
 d - a potion of curing
 v - a potion of flight
 x - a potion of magic
 A - 2 potions of brilliance
 C - 2 potions of lignification
Comestibles
 c - 7 rations


   Skills:
 + Level 8.4 Fighting
 * Level 13.3 Axes
 - Level 6.0 Armour
 - Level 6.0 Dodging


You had 9 spell levels left.
You didn't know any spells.
Your spell library was empty.

Dungeon Overview and Level Annotations

Branches:
Dungeon (9/15)             Temple (0/1) D:6            Lair (3/6) D:8
    Orc (0/2) D:9
  Swamp: Lair:2-4    Shoals: Lair:2-4     Snake: Lair:2-4    Spider: Lair:2-4

Altars:
Makhleb

Shops:
D:4 }   D:7 *


Innate Abilities, Weirdness & Mutations

You are resistant to damage.
You can heal yourself by infusing magical energy.
You passively map the area around you.
You do not regenerate.
You are frail. (-10% HP)


Message History

The steam dragon is almost dead.
You slice the steam dragon!! You hit the steam dragon.
You are engulfed in a cloud of scalding steam.
You are no longer berserk.
You are exhausted.
You feel yourself slow down. The steam dragon breathes steam at you.
The ball of steam hits you! The steam dragon bites you.
The steam dragon claws you but does no damage.
Unknown command.
You are engulfed in a cloud of scalding steam.
Your skin stops crawling.
You feel less resistant to hostile enchantments.
The steam dragon breathes steam at you. The ball of steam hits you!
* * * LOW HITPOINT WARNING * * *
The steam dragon breathes steam at you.
The ball of steam hits the steam dragon.
The steam dragon resists.
The ball of steam hits you!
You die...

** *...## , . ....
* , ≈ ?#.###* *...#
* , , , ...#..#
*...# . * ≈
.......##§§§##.#,
,,,
,.≈........§§....*
* ,
,8.D.....§§§.§... ,
,
,.......D§.......,
* ....D.DD@§§.....
,
,,,......D.§§§.....
,, ........§.§§....
, , ,
..#.##..§.§..#.., ,
,, . #
*##...§§.#*#** ,, ,
* #...§§## , **
#.....# ** ,
*#.....#* ,, * *, ,
,


You could see 6 steam dragons.

Vanquished Creatures
  A minotaur (Lab)
  Fannar (Lair:1)
  6 rime drakes
  A hippogriff (D:7)
  4 steam dragons (Lair:3)
  2 water moccasins (Lair:1)
  2 porcupines
  An orc warrior (D:7)
  An ice beast (D:6)
  A necrophage (D:7)
  4 ogres
  3 centaurs
  2 big kobolds (D:7)
  A bullfrog (D:6)
  A scorpion (D:7)
  The ghost of 4thArraOfDagon the Chopper, a weakling DDBe of Trog (D:3)
  3 howler monkeys (D:7)
  9 killer bees
  8 wights
  2 crimson imps (D:7)
  2 jellies (D:6)
  5 hounds
  5 orc priests
  Ijyb (D:3)
  An iguana (D:6)
  3 orc wizards
  5 worker ants
  A hound skeleton (D:6)
  A worker ant zombie (D:7)
  6 adders
  4 gnolls (D:7)
  A shadow imp (D:5)
  An ooze (D:4)
  A dart slug (D:3)
  A leopard gecko (D:7)
  14 orcs
  2 bats
  3 giant cockroaches
  A goblin (D:3)
  A hobgoblin (D:3)
  2 jackals (D:8)
  8 kobolds
  A quokka (D:5)
  A frilled lizard (D:3)
  A leopard gecko skeleton (D:5)
  2 rats (D:2)
128 creatures vanquished.

Notes
Turn   | Place    | Note
-------+----------+-------------------------------------------
     0 | D:1      | 4thArraOfDagon the Deep Dwarf Berserker began the quest for the Orb.
     0 | D:1      | Reached XP level 1. HP: 20/20 MP: 1/1
    82 | D:3      | Noticed Ijyb
    89 | D:3      | Killed Ijyb
    89 | D:3      | Reached XP level 2. HP: 27/27 MP: 2/2
    89 | D:3      | Reached XP level 3. HP: 33/33 MP: 3/3
   137 | D:3      | Noticed 4thArraOfDagon's ghost (weakling DDBe)
   162 | D:3      | Killed 4thArraOfDagon's ghost
   162 | D:3      | Reached skill level 4 in Axes
   162 | D:3      | Reached XP level 4. HP: 15/42 MP: 4/4
   455 | D:4      | Reached XP level 5. HP: 12/49 MP: 4/4
   469 | D:5      | Entered Level 5 of the Dungeon
   469 | D:5      | Noticed an ogre
   482 | D:4      | Found Ihethac's Gadget Emporium.
   555 | D:4      | Reached skill level 5 in Axes
   576 | D:4      | Reached ** piety under Trog
   674 | D:5      | Reached XP level 6. HP: 56/56 MP: 5/5
   761 | D:5      | Found a burning altar of Makhleb.
   859 | D:6      | Noticed an ice beast
   875 | D:6      | Killed an ice beast
   876 | D:6      | Reached skill level 6 in Axes
   975 | D:6      | Reached XP level 7. HP: 48/64 MP: 6/6
  1184 | D:7      | Reached skill level 7 in Axes
  1257 | D:7      | Reached skill level 5 in Dodging
  1295 | D:7      | Reached XP level 8. HP: 41/72 MP: 7/7
  1310 | D:7      | Reached skill level 5 in Armour
  1395 | D:7      | Found Suicsio's Assorted Antiques.
  1410 | D:7      | Bought a fizzy orange potion for 27 gold pieces
  1410 | D:7      | Bought a scroll labeled BUIF OQIOSTUYF for 30 gold pieces
  1410 | D:7      | Bought 3 scrolls labeled OBRUVI FIEC for 90 gold pieces
  1410 | D:7      | Bought a glowing silvery potion for 27 gold pieces
  1427 | D:7      | Noticed a hippogriff
  1435 | D:7      | Killed a hippogriff
  1435 | D:7      | Reached skill level 5 in Fighting
  1435 | D:7      | Reached skill level 8 in Axes
  1472 | D:6      | Found a staircase to the Ecumenical Temple.
  1689 | D:8      | Gained mutation: You passively map the area around you. [Deep Dwarf growth]
  1689 | D:8      | Reached XP level 9. HP: 71/81 MP: 8/8
  1703 | D:8      | Reached skill level 9 in Axes
  1714 | D:8      | Reached *** piety under Trog
  1851 | D:8      | Noticed a two-headed ogre
  1943 | D:7      | Reached skill level 10 in Axes
  2045 | D:8      | Found a staircase to the Lair.
  2083 | Lair:1   | Entered Level 1 of the Lair of Beasts
  2092 | Lair:1   | Gained mutation: You are frail. (-10% HP) [potion of mutation]
  2103 | Lair:1   | Noticed Fannar
  2124 | Lair:1   | Killed Fannar
  2124 | Lair:1   | Reached skill level 11 in Axes
  2124 | Lair:1   | Reached XP level 10. HP: 82/84 MP: 9/9
  2166 | Lair:1   | Found a labyrinth entrance.
  2177 | Lab      | Entered a labyrinth
  2288 | Lab      | Noticed a minotaur
  2310 | Lab      | Killed a minotaur
  2310 | Lab      | Reached skill level 12 in Axes
  2336 | Lab      | :(
  2427 | Lair:3   | Reached skill level 13 in Axes
  2439 | Lair:3   | Killed from afar by a steam dragon

Vault maps used:
D:1:      dpeg_arrival_refuge
D:2:      grunt_temple_overflow_open
D:3:      kennysheep_generic_room_13, uniq_ijyb
D:4:      serial_shops, kennysheep_mini_moat, uniq_edmund
D:5:      bloody_makhleb, first_ration, serial_shops, kennysheep_little_box,
          uniq_duvessa, uniq_eustachio
D:6:      wad_woods_tower, minmay_temple_entry_overgrown, grunt_dithmenos_smoke
D:7:      serial_shops, shop
D:8:      lair_entry_dummy
D:9:      erik_orc_1
Lair:1:   lab_entry_generic, uniq_fannar
Lair:2:   minmay_shoals_entry_lonely_mermaid, guppyfry_snake_entry_garden,
          columned_hall_lemuel, serial_bayou_shore_b
Lair:3:   st_stairs_9, minivault_26, bobbens_dragon_lair_wall
Lab:      labyrinth_spiral, nicolae_lab_garden, labyrinth_skeletal_remains,
          lab_hedge, lab_fountain, lab_statue, nicolae_lab_hexagon, lab_block,
          nicolae_lab_statue, nicolae_lab_diamond, nicolae_lab_do_over,
          nicolae_lab_flowing_pool, nicolae_lab_t_cross

Skill      XL: |  1  2  3  4  5  6  7  8  9 10 |
---------------+-------------------------------+-----
Fighting       | 3 4 5 7 8 |  8.4
Axes           | 4 5 6 7 8 11 13 | 13.3
Dodging        | 3 4 5 6 |  6.0
Armour         | 3 4 6 |  6.0

Action                   |  1- 3 |  4- 6 |  7- 9 | 10-12 || total
-------------------------+-------+-------+-------+-------++-------
Melee: Hand axe          |    31 |   115 |    91 |       ||   237
       War axe           |       |       |   120 |    50 ||   170
Invok: Berserk           |     2 |     7 |    14 |     2 ||    25
       Trog's Hand       |       |       |     7 |     4 ||    11
 Abil: Heal Wounds       |       |     3 |     2 |     6 ||    11
Evoke: Wand              |       |     1 |       |       ||     1
  Use: Potion            |       |       |     5 |     1 ||     6
       Scroll            |       |       |     9 |     5 ||    14
  Eat: Chunk             |       |     7 |    17 |     5 ||    29
       Ration            |       |       |     1 |       ||     1
Armor: Animal skin       |     4 |     6 |       |       ||    10
       Ring mail         |       |    21 |       |       ||    21
       Scale mail        |       |     6 |    21 |       ||    27
       Chain mail        |       |       |    95 |     2 ||    97
       Plate armour      |       |       |       |    38 ||    38
       Skin              |       |       |       |     8 ||     8
Dodge: Dodged            |    23 |    90 |   195 |    33 ||   341

Table legend:
 A = Spawn XP
 B = Non-spawn XP
 C = Spawn XP percentage of total XP
 D = Spawn monster count
 E = Non-spawn monster count
 F = Spawn count percentage of total count
 G = Total turns spent on level
                    A         B        C        D         E        F      G
               +---------+---------+-------+---------+---------+-------+---------
         Total |       0 |   10034 |   0.0 |       0 |     128 |   0.0 |  2439
               +---------+---------+-------+---------+---------+-------+---------
           D:2 |       0 |       6 |   0.0 |       0 |       4 |   0.0 |    78
           D:3 |       0 |     129 |   0.0 |       0 |       9 |   0.0 |   316
           D:4 |       0 |     197 |   0.0 |       0 |      11 |   0.0 |   208
           D:5 |       0 |     487 |   0.0 |       0 |      15 |   0.0 |   273
           D:6 |       0 |     498 |   0.0 |       0 |      13 |   0.0 |   329
           D:7 |       0 |    2042 |   0.0 |       0 |      38 |   0.0 |   663
           D:8 |       0 |     924 |   0.0 |       0 |      22 |   0.0 |   207
        Lair:1 |       0 |    1433 |   0.0 |       0 |       4 |   0.0 |   110
        Lair:2 |       0 |     530 |   0.0 |       0 |       2 |   0.0 |    49
        Lair:3 |       0 |    2534 |   0.0 |       0 |       9 |   0.0 |    24
           Lab |       0 |    1254 |   0.0 |       0 |       1 |   0.0 |   173
               +---------+---------+-------+---------+---------+-------+---------
